[Event "Titled Tuesday Blitz April 25 Late 2023"]
[White "Jimenez Almeida, Luis David"]
[Black "Antonova, Nadezhda"]
[WhiteFideId "22242244"]
[BlackFideId "14700182"]
[WhiteElo "2245"]
[BlackElo "1765"]
[Result "1-0"]
[Round "05"]
[TimeControl "180+2"]
[Date "2023.04.25"]
[WhiteClock "0:00:08"]
[BlackClock "0:00:06"]

1. e4 c6 2. Nc3 d5 3. Qf3 d4 4. Bc4 e6 5. Nce2 Nf6 6. d3 Be7 7. Nh3 O-O 8. Qg3 Kh8 9. O-O a5 10. a4 c5 11. f4 Nc6 12. Qf3 h6 13. g4 Nh7 14. Ng3 Nb4 15. Rf2 b6 16. c3 Nc6 17. Bd2 Ba6 18. Bxa6 Rxa6 19. e5 dxc3 20. bxc3 Qd7 21. Rg2 Raa8 22. Nf2 Rad8 23. Kh1 Qd5 24. Nge4 Rd7 25. c4 Nd4 26. cxd5 Nxf3 27. d6 Bd8 28. Be3 f6 29. Rg3 Nh4 30. Rh3 fxe5 31. fxe5 Ng6 32. d4 cxd4 33. Bxd4 Kg8 34. Rc1 Ng5 35. Rhc3 Nxe4 36. Nxe4 Nf4 37. Ng3 Nd5 38. Rc8 Kh7 39. Rf1 Rxf1+ 40. Nxf1 Rf7 41. Ng3 Bh4 42. Kg2 Rf4 43. Bf2 Rxg4 44. d7 Rxa4 45. d8=Q Bxd8 46. Rxd8 Nf4+ 47. Kf3 Nd5 48. Rd6 Nf4 49. Rxb6 g5 50. Be3 Kg6 51. Bxf4 Rxf4+ 52. Ke3 h5 53. Rxe6+ Kf7 54. Ra6 h4 55. Ne4 Rg4 56. h3 Rg2 57. Kf3 Rg1 58. Rxa5 Kg6 59. Ra6+ Kf5 60. Rf6+ Kxe5 61. Rg6 Rf1+ 62. Kg4 Kxe4 63. Rxg5 Rg1+ 64. Kxh4 Rxg5 65. Kxg5 Ke5 66. h4 Ke6 67. Kg6 Ke7 68. Kg7 Ke6 69. h5 Kf5 70. h6 Kg5 71. h7 Kg4 72. h8=Q 1-0


[Site "https://www.chess.com"]

[Event "Titled Tuesday Blitz April 25 Late 2023"]
[White "Mortazavi, Ali"]
[Black "Romero Ruscalleda, Josep"]
[WhiteFideId "401323"]
[BlackFideId "2231859"]
[WhiteElo "2339"]
[BlackElo "2183"]
[Result "1-0"]
[Round "05"]
[TimeControl "180+2"]
[Date "2023.04.25"]
[WhiteClock "0:00:10"]
[BlackClock "0:00:01"]

1. Nf3 g6 2. e4 Bg7 3. d4 d6 4. Nc3 a6 5. Be3 b5 6. Bd3 Bb7 7. a4 b4 8. Ne2 Nf6 9. Ng3 h5 10. Bg5 Nbd7 11. Qd2 c5 12. c3 bxc3 13. bxc3 Qa5 14. O-O h4 15. Nxh4 cxd4 16. Rab1 dxc3 17. Qc1 Bc6 18. Nf3 Rc8 19. Bc2 Ng4 20. h3 Nge5 21. Nd4 Ba8 22. Nb3 Qxa4 23. f4 Nc4 24. e5 Qc6 25. Be4 d5 26. Bf3 Nb2 27. Kh2 Nd3 28. Qc2 Nb4 29. Qf2 c2 30. Ra1 Nd3 31. Qe3 Qc3 32. e6 Nf6 33. exf7+ Kxf7 34. f5 Qxb3 35. Qe6+ Kf8 36. fxg6 Ne5 37. Qxe5 d4 38. Nf5 Qb8 39. Qxb8 Rxb8 40. Rxa6 Bxf3 41. gxf3 d3 42. Nd4 Rd8 43. Ne6+ Ke8 44. Nxd8 Kxd8 45. Ra8+ Kc7 46. Rxh8 Bxh8 47. Bd2 Bg7 48. h4 Nd5 49. h5 Be5+ 50. f4 Bc3 51. Bc1 d2 52. Bxd2 Bxd2 53. g7 Nf6 54. h6 c1=Q 55. Rxc1+ Bxc1 56. h7 Bxf4+ 57. Kh3 Nxh7 58. g8=Q Nf6 59. Qc4+ Kd7 60. Qxf4 Ke8 61. Qf5 Kf7 62. Kg2 Kg7 63. Kf1 Kf7 64. Kg2 Kf8 65. Kh3 Kf7 66. Kh4 Kg7 67. Kg5 Kf7 68. Qg6+ Ke6 69. Qb1 Kf7 70. Qa2+ Kg7 71. Qa7 Kf7 72. Qa6 Kg7 73. Qe6 Ng8 74. Qg6+ Kf8 75. Kf5 Nh6+ 76. Ke6 1-0


[Site "https://www.chess.com"]

[Event "Titled Tuesday Blitz April 25 Late 2023"]
[White "Schmidt, Harald"]
[Black "Tymrakiewicz, Rafal"]
[WhiteFideId "4648358"]
[BlackFideId "1108832"]
[WhiteElo "2347"]
[BlackElo "2151"]
[Result "0-1"]
[Round "05"]
[TimeControl "180+2"]
[Date "2023.04.25"]
[WhiteClock "0:00:02"]
[BlackClock "0:00:06"]

1. e4 Nf6 2. e5 Nd5 3. Nc3 Nxc3 4. dxc3 d5 5. c4 Be6 6. Nf3 Nc6 7. Ng5 dxc4 8. Qxd8+ Nxd8 9. Nxe6 Nxe6 10. Bxc4 Nd4 11. O-O e6 12. c3 Nc6 13. Bb5 O-O-O 14. Bxc6 bxc6 15. Be3 a6 16. Rfd1 Be7 17. Kf1 Rd5 18. f4 Rhd8 19. Ke2 f6 20. exf6 Bxf6 21. g4 g6 22. h3 Kb7 23. Rd2 Rxd2+ 24. Bxd2 c5 25. c4 Kc6 26. Rb1 Bd4 27. b3 e5 28. Rf1 e4 29. f5 gxf5 30. Rxf5 Rd6 31. Bf4 Re6 32. h4 a5 33. h5 a4 34. bxa4 Kb6 35. Rf7 Ka5 36. Bxc7+ Kb4 37. Rxh7 Rf6 38. Bg3 Rf3 39. Be1+ Kxc4 40. g5 Rh3 41. h6 Rh2+ 42. Kd1 Kd3 43. Rd7 Rxa2 44. Bd2 Ra1+ 45. Bc1 e3 46. Re7 c4 47. h7 c3 48. Rc7 e2+ 49. Ke1 Rxc1# 0-1


[Site "https://www.chess.com"]

[Event "Titled Tuesday Blitz April 25 Late 2023"]
[White "Novikova, Galina"]
[Black "Filgueira, Hernan"]
[WhiteFideId "4157095"]
[BlackFideId "101770"]
[WhiteElo "1953"]
[BlackElo "2363"]
[Result "0-1"]
[Round "05"]
[TimeControl "180+2"]
[Date "2023.04.25"]
[WhiteClock "0:00:01"]
[BlackClock "0:00:53"]

1. e4 c5 2. Nf3 e6 3. b4 b6 4. bxc5 bxc5 5. c3 Nf6 6. e5 Nd5 7. d4 cxd4 8. cxd4 Bb4+ 9. Bd2 Nc6 10. Bd3 Bxd2+ 11. Nbxd2 Ncb4 12. Ne4 O-O 13. O-O f5 14. Nd6 a5 15. Bc4 Ba6 16. Bxa6 Rxa6 17. a3 Nc6 18. Qd2 Rb6 19. Rac1 Qb8 20. h4 h6 21. h5 Rb3 22. Nc4 Qb5 23. Nh4 Rb8 24. Ng6 Qa4 25. Nd6 Qxd4 26. Qe2 Rb2 27. Qf3 R8b3 0-1


[Site "https://www.chess.com"]

[Event "Titled Tuesday Blitz April 25 Late 2023"]
[White "Schuster, Karsten"]
[Black "Musovic, Armin"]
[WhiteFideId "4611071"]
[BlackFideId "939935"]
[WhiteElo "2294"]
[BlackElo "2322"]
[Result "0-1"]
[Round "05"]
[TimeControl "180+2"]
[Date "2023.04.25"]
[WhiteClock "0:00:02"]
[BlackClock "0:00:09"]

1. d4 d5 2. c4 c5 3. dxc5 e6 4. cxd5 Bxc5 5. Nc3 Nf6 6. Nf3 exd5 7. e3 O-O 8. Be2 Nc6 9. O-O a6 10. b3 Ba7 11. Bb2 Re8 12. Rc1 Bg4 13. Nd4 Bxe2 14. Ncxe2 Ne5 15. Ng3 Rc8 16. Rxc8 Qxc8 17. Ndf5 Qe6 18. h3 Ne4 19. Nd4 Qg6 20. Nge2 Bxd4 21. Nxd4 Nc5 22. Nf3 Ned3 23. Bd4 Ne6 24. Ba1 Qe4 25. Ne1 Nec5 26. Nxd3 Nxd3 27. Qg4 Qxg4 28. hxg4 Rc8 29. Rd1 Rc1 30. Rf1 Rxf1+ 31. Kxf1 Nc1 32. Ke1 Nxa2 33. Kd2 Nb4 34. Kc3 Nc6 35. f3 f6 36. b4 Kf7 37. Kb3 g6 38. Bc3 h5 39. gxh5 gxh5 40. Kc2 f5 41. Kd3 Ke6 42. Be1 b6 43. Bd2 a5 44. bxa5 bxa5 45. Kc2 a4 46. Kb2 d4 47. Ka3 Kd5 48. Kxa4 Kc4 49. exd4 Nxd4 50. Be3 Kd3 51. Bh6 Nc2 52. Kb5 Ne1 53. Kc6 Nxg2 54. Kd5 h4 0-1


[Site "https://www.chess.com"]

[Event "Titled Tuesday Blitz April 25 Late 2023"]
[White "Eidelman, Gabriel"]
[Black "Tomaszewski, Kacper"]
[WhiteFideId "30910544"]
[BlackFideId "1127373"]
[WhiteElo "2209"]
[BlackElo "2211"]
[Result "0-1"]
[Round "05"]
[TimeControl "180+2"]
[Date "2023.04.25"]
[WhiteClock "0:00:01"]
[BlackClock "0:00:09"]

1. Nf3 g6 2. e4 Bg7 3. Bc4 e6 4. c3 Ne7 5. O-O O-O 6. e5 d6 7. d4 dxe5 8. dxe5 Nbc6 9. Bf4 b6 10. Qe2 Bb7 11. Nbd2 Nd5 12. Bg3 Nce7 13. Ne4 Nf5 14. Rad1 Qe7 15. Ba6 Bxa6 16. Qxa6 Nxg3 17. hxg3 Rfd8 18. a3 c5 19. c4 Nc7 20. Qb7 Nd5 21. Qa6 Nc7 22. Qb7 Kf8 23. Rd6 Ne8 24. Qxe7+ Kxe7 25. Rdd1 Rxd1 26. Rxd1 Rd8 27. Rxd8 Kxd8 28. Kf1 Ke7 29. g4 f6 30. exf6+ Nxf6 31. Nxf6 Bxf6 32. b3 Bb2 33. a4 Kf6 34. Ke2 h5 35. gxh5 gxh5 36. Ke3 Kf5 37. Nh4+ Kg5 38. Nf3+ Kf5 39. Nh4+ Kf6 40. Ke4 Bd4 41. f4 Bb2 42. Nf3 Bc1 43. Ne5 Bd2 44. Nc6 a6 45. Nb8 Ke7 46. Nxa6 Kd6 47. f5 exf5+ 48. Kxf5 h4 49. Kf6 Be1 50. Kf7 Kc6 51. Ke7 Kb7 52. Nxc5+ bxc5 53. Kd6 Bf2 0-1


[Site "https://www.chess.com"]

[Event "Titled Tuesday Blitz April 25 Late 2023"]
[White "Degtiarev, Evgeny"]
[Black "Aggelis, Nikolaos"]
[WhiteFideId "4149610"]
[BlackFideId "4213220"]
[WhiteElo "2284"]
[BlackElo "2189"]
[Result "0-1"]
[Round "05"]
[TimeControl "180+2"]
[Date "2023.04.25"]
[WhiteClock "0:00:02"]
[BlackClock "0:00:45"]

1. d4 f5 2. c4 Nf6 3. g3 g6 4. Bg2 Bg7 5. Nf3 O-O 6. O-O d6 7. Nc3 c6 8. b4 Qe8 9. Qb3 Kh8 10. c5 d5 11. Ne5 Nbd7 12. f4 Ne4 13. a4 Ndf6 14. Nd1 a6 15. Ne3 Be6 16. Rd1 Nd7 17. Nd3 Bg8 18. Ne5 Nxe5 19. fxe5 h6 20. Rb1 g5 21. Rf1 Bh7 22. Nd1 Qh5 23. Bf3 Qg6 24. Nc3 f4 25. Nxe4 dxe4 26. Bg4 h5 27. Be6 f3 28. e3 h4 29. g4 h3 30. Bd2 Bg8 31. Bxg8 Rxg8 32. Be1 Rgf8 33. Bg3 Rad8 34. b5 axb5 35. axb5 Ra8 36. bxc6 bxc6 37. Rf2 Qe8 38. Qe6 Qc8 39. Qg6 Qxg4 40. d5 cxd5 41. c6 Bxe5 42. Qh6+ Kg8 43. Kh1 Bg7 0-1


[Site "https://www.chess.com"]

[Event "Titled Tuesday Blitz April 25 Late 2023"]
[White "Moral Garcia, Serafin"]
[Black "Vifleemskaia, Svetlana"]
[WhiteFideId "2201925"]
[BlackFideId "4129490"]
[WhiteElo "2274"]
[BlackElo "1930"]
[Result "1/2-1/2"]
[Round "05"]
[TimeControl "180+2"]
[Date "2023.04.25"]
[WhiteClock "0:00:25"]
[BlackClock "0:00:06"]

1. e4 e5 2. Nf3 Nc6 3. Bb5 a6 4. Bxc6 dxc6 5. O-O Ne7 6. Nxe5 Qd4 7. Qh5 g6 8. Qg5 Bg7 9. Nd3 Qxe4 10. Re1 h6 11. Qg3 Qf5 12. Qxc7 Qd7 13. Qxd7+ Bxd7 14. Ne5 Be6 15. d3 Kf8 16. Nc3 Rd8 17. h3 Bf6 18. Bf4 Kg7 19. Nf3 b5 20. Be5 Nd5 21. Bxf6+ Nxf6 22. Ne4 Nxe4 23. Rxe4 c5 24. a3 Kf6 25. Kf1 Rd5 26. Rae1 Rhd8 27. Re5 R5d6 28. Rxc5 Rb6 29. Re4 a5 30. Nd4 b4 31. axb4 axb4 32. Nxe6 fxe6 33. Ke2 b3 34. c3 Ra8 35. Kf3 Ra2 36. Re2 Ra1 37. Ke3 Rc1 38. d4 g5 39. Kd3 Rg1 40. f3 Rb1 41. Kc4 Rc1 42. Rb5 Rxb5 43. Kxb5 Rc2 44. Re1 Rxb2 45. c4 Rxg2 46. Rb1 b2 47. c5 Rc2 48. Kb6 Ke7 49. c6 Kd6 50. c7 Rxc7 51. Rxb2 Rc3 52. Rf2 Rd3 53. f4 Rxd4 54. fxg5 hxg5 55. Rg2 Rd5 56. Rg4 Ke7 57. Kc6 Kf6 58. Rg1 Rd3 59. Rf1+ Kg6 60. Rh1 e5 61. Kc5 e4 62. Kc4 Kf5 63. Rf1+ Ke5 64. Rg1 Kf4 65. Rf1+ Ke5 66. Rg1 Kf5 67. Rf1+ Ke5 1/2-1/2


[Site "https://www.chess.com"]

[Event "Titled Tuesday Blitz April 25 Late 2023"]
[White "Erzhanov, Arman"]
[Black "Rosenberg, Evan S"]
[WhiteFideId "4138821"]
[BlackFideId "2019299"]
[WhiteElo "2138"]
[BlackElo "1956"]
[Result "1-0"]
[Round "05"]
[TimeControl "180+2"]
[Date "2023.04.25"]
[WhiteClock "0:00:09"]
[BlackClock "0:00:01"]

1. e4 e5 2. Nf3 Nc6 3. Bc4 Nf6 4. d4 exd4 5. e5 d5 6. Bb5 Nd7 7. O-O Be7 8. Bxc6 bxc6 9. Nxd4 Nb8 10. Qf3 O-O 11. Nf5 Bxf5 12. Qxf5 a5 13. Nd2 Ra6 14. Nf3 c5 15. Rd1 d4 16. c3 Nc6 17. Be3 g6 18. Qe4 Re8 19. cxd4 cxd4 20. Nxd4 Nxd4 21. Rxd4 Qb8 22. b3 Re6 23. f4 Bc5 24. Rd5 Bxe3+ 25. Qxe3 a4 26. bxa4 Qb2 27. Qd4 Qe2 28. Rd8 Rxd8 29. Qxd8+ Kg7 30. Qd4 h5 31. a5 h4 32. h3 Kg8 33. Rf1 Qxa2 34. Qd8+ Kg7 35. Qxc7 Ra6 36. f5 Qxa5 37. Qe7 Qb6+ 38. Kh2 Ra7 39. Qxh4 gxf5 40. Rxf5 Ra1 41. Rg5+ Kf8 42. Qh8+ Ke7 43. Rg4 Qg1+ 44. Kg3 Ra3+ 45. Kh4 Qf2+ 46. g3 Ra6 47. Qh5 Qe3 48. Qg5+ Qxg5+ 49. Rxg5 Ra4+ 50. Kh5 Ke6 51. h4 Ra8 52. Kh6 Rh8+ 53. Kg7 Rc8 54. h5 Rc7 55. Kg8 Rc8+ 56. Kh7 Rc7 57. Rg7 Kxe5 58. h6 Kf6 59. g4 Rc8 60. g5+ Ke6 61. Rg8 Rc5 62. Kh8 f6 63. g6 Ke7 64. h7 Rh5 65. g7 Kf7 66. Rf8+ Ke7 67. g8=Q Rxh7+ 68. Qxh7+ Kxf8 69. Qb7 f5 70. Kh7 f4 71. Kg6 f3 72. Kf6 f2 73. Qf7# 1-0


[Site "https://www.chess.com"]

[Event "Titled Tuesday Blitz April 25 Late 2023"]
[White "De Souza, Cristiano Gomes"]
[Black "Karas, Marek"]
[WhiteFideId "2151758"]
[BlackFideId "14928558"]
[WhiteElo "2068"]
[BlackElo "2233"]
[Result "0-1"]
[Round "05"]
[TimeControl "180+2"]
[Date "2023.04.25"]
[WhiteClock "0:00:05"]
[BlackClock "0:00:06"]

1. d4 Nf6 2. c4 c5 3. d5 b5 4. cxb5 a6 5. bxa6 e6 6. dxe6 fxe6 7. Nc3 Bxa6 8. g3 d5 9. Bh3 Be7 10. Bxe6 d4 11. Nb1 Qb6 12. Bh3 Bb7 13. Nf3 O-O 14. O-O Nc6 15. Nbd2 Nb4 16. a3 Kh8 17. Nc4 Qa6 18. Nce5 Nc6 19. Qb3 Nxe5 20. Nxe5 Bd5 21. Qc2 c4 22. Bg5 Rac8 23. Bxc8 Qxc8 24. Rac1 Qh3 25. f3 Bd6 26. Bf4 Nh5 27. Nxc4 Nxf4 28. Rf2 Bxc4 29. Qxc4 Ng6 30. Qxd4 Be5 31. Qc5 Qd7 32. Kg2 Bd4 33. Qc2 Bxf2 34. Kxf2 Qh3 35. Kg1 Qe6 36. Rd1 Qe3+ 37. Kg2 Re8 38. Rd2 Qg5 39. Qd1 Nf4+ 40. Kh1 Nh3 41. e4 Qe3 42. Kg2 Ng5 43. h4 Nf7 44. Rd3 Qb6 45. Qd2 h6 46. b4 Ne5 47. Rd6 Qb5 48. Qd4 Qe2+ 49. Qf2 Qc4 50. Qd4 Qa2+ 51. Qf2 Qxa3 52. Rd5 Qxb4 53. Qd4 Qxd4 54. Rxd4 Ng6 55. f4 Nf8 56. e5 Kg8 57. Rd6 h5 58. Kf3 g6 59. g4 hxg4+ 60. Kxg4 Kf7 61. Kg5 Ne6+ 62. Kg4 Ng7 63. f5 Nxf5 64. Rf6+ Kg7 65. Rxf5 gxf5+ 66. Kxf5 Rh8 67. Ke6 Rxh4 68. Kd7 Kf8 69. e6 Rd4+ 70. Kc6 Ke7 71. Kc5 Rd6 0-1


[Site "https://www.chess.com"]

[Event "Titled Tuesday Blitz April 25 Late 2023"]
[White "Marchesich, Giovanni"]
[Black "Kubatko, Ivan"]
[WhiteFideId "2824790"]
[BlackFideId "24111473"]
[WhiteElo "2209"]
[BlackElo "2285"]
[Result "0-1"]
[Round "05"]
[TimeControl "180+2"]
[Date "2023.04.25"]
[WhiteClock "0:00:02"]
[BlackClock "0:00:05"]

1. d4 Nf6 2. Nc3 d5 3. Bf4 a6 4. e3 e6 5. g4 c5 6. g5 Nfd7 7. h4 Nc6 8. Nf3 b5 9. Bh3 b4 10. Ne2 Qb6 11. h5 g6 12. h6 Be7 13. Kf1 a5 14. Kg2 Ba6 15. Ng3 a4 16. c3 a3 17. Rb1 axb2 18. Rxb2 Qa5 19. cxb4 Nxb4 20. dxc5 Nd3 21. Rd2 Nxf4+ 22. exf4 Nxc5 23. Re1 Bb7 24. Ne5 d4+ 25. f3 O-O 26. Rxd4 Qxa2+ 27. Re2 Qa3 28. Ne4 Nxe4 29. fxe4 Rfd8 30. Red2 Rxd4 31. Rxd4 Qe3 32. Qd3 Qxf4 33. Nf3 Bxg5 34. Nxg5 Qxg5+ 35. Kh1 Qxh6 36. Rd8+ Rxd8 37. Qxd8+ Qf8 38. Qf6 Bxe4+ 39. Kg1 Qc5+ 40. Kf1 Qc1+ 41. Ke2 Qc2+ 42. Ke1 Qc1+ 43. Ke2 Qc2+ 44. Ke1 Bf5 45. Qd8+ Kg7 46. Qd4+ f6 47. Qd7+ Kh6 48. Bf1 Qe4+ 49. Kf2 Qf4+ 50. Ke1 Kg5 51. Qxh7 Qg3+ 52. Ke2 Bg4+ 53. Kd2 Qf4+ 54. Ke1 Qe3+ 55. Be2 Qxe2# 0-1


[Site "https://www.chess.com"]

[Event "Titled Tuesday Blitz April 25 Late 2023"]
[White "Harish, Neeraj"]
[Black "Lorenzo De La Riva, Lazaro"]
[WhiteFideId "30958130"]
[BlackFideId "2268809"]
[WhiteElo "1965"]
[BlackElo "2294"]
[Result "1-0"]
[Round "05"]
[TimeControl "180+2"]
[Date "2023.04.25"]
[WhiteClock "0:00:03"]
[BlackClock "0:00:01"]

1. e4 c6 2. d4 d5 3. e5 c5 4. Nf3 cxd4 5. Qxd4 Nc6 6. Qa4 e6 7. Bb5 Bd7 8. O-O Nge7 9. Qg4 Ng6 10. Bxc6 bxc6 11. h4 h5 12. Qg3 Ne7 13. Bg5 Nf5 14. Qf4 Qb6 15. b3 Bc5 16. Nbd2 a5 17. c4 a4 18. cxd5 cxd5 19. Rab1 Qb4 20. bxa4 Qxf4 21. Bxf4 O-O 22. Nb3 Bb4 23. a5 Bb5 24. Rfc1 Bc4 25. Nfd4 Nxd4 26. Nxd4 Bxa5 27. Nb3 Bd8 28. g3 Rxa2 29. Be3 f6 30. exf6 Bxf6 31. Nc5 d4 32. Rxc4 dxe3 33. fxe3 Be5 34. Ne4 Rf3 35. Rf1 Rxf1+ 36. Kxf1 Kf7 37. Rb4 Kg6 38. Rb6 Kf5 39. Ng5 Bxg3 40. Nxe6 Kg4 41. Nxg7 Kxh4 42. Nf5+ Kg4 43. Nxg3 Kxg3 44. e4 Ra3 45. e5 h4 46. e6 h3 47. e7 1-0


[Site "https://www.chess.com"]

[Event "Titled Tuesday Blitz April 25 Late 2023"]
[White "Coelho, Ramyres Santana"]
[Black "Lopez Gracia, Fernando"]
[WhiteFideId "2120690"]
[BlackFideId "2207184"]
[WhiteElo "1888"]
[BlackElo "2255"]
[Result "0-1"]
[Round "05"]
[TimeControl "180+2"]
[Date "2023.04.25"]
[WhiteClock "0:00:16"]
[BlackClock "0:00:11"]

1. e4 e5 2. Nf3 Nc6 3. d4 exd4 4. Bc4 Nf6 5. e5 d5 6. Bb5 Ne4 7. Nxd4 Bc5 8. Nxc6 Bxf2+ 9. Kf1 bxc6 10. Bxc6+ Kf8 11. Qd3 Qh4 12. Bxa8 Bb6 13. Be3 Ba6 14. Qxa6 Bxe3 15. Qc8+ Ke7 16. Qxc7+ Ke6 17. Qc6+ Ke7 18. Qc7+ Ke6 19. Bxd5+ Kxd5 20. Nc3+ Nxc3 21. Qd6+ Ke4 22. Qd3+ Kxe5 23. Qxe3+ Ne4 24. Re1 Rd8 25. Qg3+ Qf4+ 26. Qxf4+ Kxf4 27. Rg1 Rd2 28. Re2 Rd1+ 29. Re1 Rd2 30. Re2 Rd1+ 31. Re1 Rd5 32. g4 Nd2+ 33. Ke2 Nf3 34. Rd1 Re5+ 35. Kf2 Nxg1 36. Rxg1 Rc5 37. c3 Rb5 38. b4 Rd5 39. Ke2 Ke4 40. Rd1 Rxd1 41. Kxd1 Kd3 42. a4 Kxc3 43. b5 Kb4 44. b6 axb6 45. a5 bxa5 46. g5 a4 47. h4 a3 48. h5 Kc4 49. Kc2 Kd5 50. Kb3 Ke5 51. g6 hxg6 52. hxg6 f5 53. Kxa3 Kf4 54. Kb2 Ke3 55. Kc2 Ke2 56. Kc3 f4 57. Kc4 f3 58. Kd5 f2 59. Ke6 f1=Q 60. Ke7 Qf6+ 61. Ke8 Qxg6+ 62. Kf8 Qf6+ 63. Kg8 g5 64. Kh7 g4 65. Kg8 g3 66. Kh7 g2 67. Kg8 g1=Q+ 68. Kh7 Qgg7# 0-1


[Site "https://www.chess.com"]

[Event "Titled Tuesday Blitz April 25 Late 2023"]
[White "Grinev, Valeriy"]
[Black "Melikhov, Evgeny V."]
[WhiteFideId "14117517"]
[BlackFideId "4122046"]
[WhiteElo "2366"]
[BlackElo "2158"]
[Result "1-0"]
[Round "05"]
[TimeControl "180+2"]
[Date "2023.04.25"]
[WhiteClock "0:01:29"]
[BlackClock "0:00:11"]

1. e4 e5 2. Nc3 Nf6 3. Nf3 Nc6 4. Bc4 Be7 5. d3 d6 6. h3 Be6 7. Bb3 Nd4 8. Nxd4 exd4 9. Ne2 Bxb3 10. axb3 c5 11. O-O O-O 12. f4 Nd7 13. Bd2 f5 14. exf5 Rxf5 15. g4 Rf7 16. Ng3 g6 17. Qf3 Bh4 18. Ne4 d5 19. Nd6 Re7 20. Qxd5+ Kg7 21. Nxb7 Qc7 22. Nxc5 Qxc5 23. Qxa8 Qxc2 24. Qg2 Qxd3 25. Rae1 Bxe1 26. Rxe1 Rxe1+ 27. Bxe1 Qe3+ 28. Qf2 Nc5 29. Qxe3 dxe3 30. Bc3+ Kf7 31. Bd4 Nxb3 32. Bxa7 e2 33. Kf2 Nc1 34. Be3 Nd3+ 35. Kxe2 Nxb2 36. Kf3 Nc4 37. Bd4 Nd6 38. Be5 Nc4 39. Ke4 Ke6 40. f5+ gxf5+ 41. gxf5+ Kf7 42. Bd4 Nd6+ 43. Kf4 Nc4 44. Kg5 Nd6 45. h4 h6+ 46. Kg4 Ne4 47. Be5 Nc5 48. Kh5 Nd7 49. Bd4 Nf6+ 50. Bxf6 Kxf6 51. Kxh6 1-0


[Site "https://www.chess.com"]

[Event "Titled Tuesday Blitz April 25 Late 2023"]
[White "O`Gorman, Tom"]
[Black "Osmonbekov, Talaibek"]
[WhiteFideId "2508249"]
[BlackFideId "2017253"]
[WhiteElo "2271"]
[BlackElo "2135"]
[Result "1-0"]
[Round "05"]
[TimeControl "180+2"]
[Date "2023.04.25"]
[WhiteClock "0:01:14"]
[BlackClock "0:00:03"]

1. c4 e5 2. Nc3 d6 3. g3 f5 4. Bg2 Nf6 5. Nf3 Be7 6. d4 e4 7. Nh4 c6 8. O-O O-O 9. f3 d5 10. cxd5 cxd5 11. fxe4 fxe4 12. Nf5 Bxf5 13. Rxf5 Qd7 14. Rf1 Nc6 15. Bg5 h6 16. Bxf6 Bxf6 17. e3 Bg5 18. Qe2 Nb4 19. h4 Be7 20. Qb5 Qxb5 21. Nxb5 a6 22. Nc3 Rad8 23. Rxf8+ Kxf8 24. Rf1+ Ke8 25. Bh3 Nd3 26. Be6 Nb4 27. a3 Nc2 28. Nxd5 Rd6 29. Bf7+ Kd8 30. Rc1 Nxe3 31. Nxe3 Rxd4 32. Rd1 Bc5 33. Rxd4+ Bxd4 34. Kf2 Bxb2 35. a4 b5 36. axb5 axb5 37. Bd5 b4 38. Bxe4 b3 39. Bd5 Bd4 40. Bxb3 Ke7 41. Kf3 Kf8 42. Nf5 Ba1 43. Kg4 Bb2 44. Kh5 Ba1 45. Kg6 Bb2 46. Ne3 Ba1 47. Nd5 Be5 48. Nf4 Ba1 49. Ne6+ Kg8 50. Nxg7+ Kh8 51. Nf5 Be5 52. g4 1-0


[Site "https://www.chess.com"]

[Event "Titled Tuesday Blitz April 25 Late 2023"]
[White "Toniutti, Ezio"]
[Black "Ardila, Oscar Humberto"]
[WhiteFideId "113034"]
[BlackFideId "4404742"]
[WhiteElo "2215"]
[BlackElo "1918"]
[Result "1/2-1/2"]
[Round "05"]
[TimeControl "180+2"]
[Date "2023.04.25"]
[WhiteClock "0:00:08"]
[BlackClock "0:00:09"]

1. d4 Nf6 2. c4 g6 3. Nc3 Bg7 4. e4 d6 5. f4 O-O 6. Nf3 Bg4 7. Be2 c5 8. d5 e6 9. O-O exd5 10. cxd5 a6 11. Re1 Re8 12. Bf1 b5 13. a3 Qb6 14. Kh1 Nbd7 15. h3 Bxf3 16. Qxf3 Nh5 17. Be3 Qc7 18. Rac1 c4 19. a4 Rab8 20. axb5 axb5 21. b3 b4 22. Ne2 c3 23. Nd4 Nc5 24. Nc6 Nxb3 25. Rb1 Nd2 26. Bxd2 cxd2 27. Red1 Bc3 28. g4 Nf6 29. e5 dxe5 30. fxe5 Nd7 31. Nxb8 Qxb8 32. e6 fxe6 33. dxe6 Rf8 34. Qe4 Nf6 35. Qc4 Rc8 36. Qb3 Qg3 37. Bg2 Kg7 38. Rxd2 Ne4 39. Rd7+ Kh6 40. Rf1 Nf2+ 41. Rxf2 Qxf2 42. Qd1 Bd2 43. Rxd2 Qf4 44. Rc2 Rxc2 45. Qxc2 Qe3 46. Qb1 b3 47. e7 Kg5 48. e8=Q Qxe8 49. Qxb3 Qe1+ 50. Kh2 Qe5+ 51. Qg3 Qe7 52. h4+ Kh6 53. Bf3 Kg7 54. Qf4 Qd7 55. Kg3 h6 56. Qe5+ Kh7 57. Be4 Qf7 58. h5 Kg8 59. Bxg6 Qb3+ 60. Kh4 Qf3 61. Qe8+ Kg7 62. Qe7+ Kg8 63. Qe6+ Kg7 64. Qe5+ Kg8 65. Qe6+ Kg7 66. Qd7+ Kg8 67. Qf7+ Qxf7 68. Bxf7+ Kxf7 69. Kg3 Kg7 70. Kf4 Kf6 71. Ke4 Kg5 72. Kf3 Kf6 73. Kf4 Ke6 74. Ke4 Kf6 75. Ke3 Kg5 76. Kf3 Kf6 77. Kf4 Ke6 78. g5 hxg5+ 79. Kxg5 Kf7 80. Kh6 Kg8 81. Kg6 Kh8 82. h6 Kg8 83. h7+ Kh8 84. Kh6 1/2-1/2


[Site "https://www.chess.com"]

[Event "Titled Tuesday Blitz April 25 Late 2023"]
[White "Karthik, Advaith"]
[Black "Bogaudinov, Rushan"]
[WhiteFideId "30946050"]
[BlackFideId "4129288"]
[WhiteElo "2004"]
[BlackElo "1967"]
[Result "0-1"]
[Round "05"]
[TimeControl "180+2"]
[Date "2023.04.25"]
[WhiteClock "0:01:08"]
[BlackClock "0:00:21"]

1. d4 d5 2. c4 dxc4 3. Nf3 Nf6 4. e3 e6 5. Bxc4 c5 6. O-O Be7 7. Nc3 O-O 8. Re1 a6 9. a4 Nc6 10. h3 Qc7 11. Ba2 Rd8 12. Qc2 Nb4 13. Qe2 Nxa2 14. Nxa2 Bd7 15. Nc3 Bc6 16. Rd1 Rac8 17. Ne5 cxd4 18. exd4 Bd5 19. Bf4 Qa5 20. Rac1 h6 21. Nxd5 Nxd5 22. b3 Nxf4 23. Qe4 Rxc1 24. Rxc1 Nd5 25. Re1 Bf6 26. Nxf7 Kxf7 27. Qxe6+ Kf8 28. Rc1 Qb6 29. Qf5 Qxd4 30. Rc4 Qe5 31. Qf3 Ne7 32. g3 Qd5 33. Qg4 h5 34. Qe2 Qd1+ 35. Qxd1 Rxd1+ 36. Kg2 Rd7 37. Kf3 Kf7 38. h4 Nc6 39. Kg2 a5 40. Rc5 g6 41. Rb5 Bd8 42. Kf1 Ke6 43. g4 hxg4 44. h5 gxh5 45. Rxh5 Rd3 46. Rh6+ Bf6 47. Rh4 Kf5 48. Rh7 Rxb3 49. Kg2 b6 50. Rc7 Ne5 51. Rb7 Nc4 52. Kf1 Nb2 53. Ke2 Nxa4 54. Kd2 Nc5 55. Rb8 Rb2+ 56. Ke3 Rb3+ 57. Kd2 a4 58. Kc2 Rb2+ 59. Kc1 a3 60. f3 gxf3 61. Rh8 a2 62. Rh5+ Kg4 63. Re5 Bxe5 64. Kd1 a1=Q# 0-1


[Site "https://www.chess.com"]

[Event "Titled Tuesday Blitz April 25 Late 2023"]
[White "Rios Escobar, Adan"]
[Black "Albuquerque Junior,Wellington S."]
[WhiteFideId "3403645"]
[BlackFideId "2151480"]
[WhiteElo "2234"]
[BlackElo "2109"]
[Result "0-1"]
[Round "05"]
[TimeControl "180+2"]
[Date "2023.04.25"]
[WhiteClock "0:00:05"]
[BlackClock "0:00:23"]

1. d4 Nf6 2. g3 c5 3. d5 g6 4. c4 b5 5. cxb5 a6 6. bxa6 d6 7. Nc3 Bg7 8. Nf3 O-O 9. Bg2 Qa5 10. O-O Nxa6 11. Rb1 Nc7 12. Nd2 Nb5 13. Nxb5 Qxb5 14. a3 Ba6 15. Re1 Nd7 16. Qc2 c4 17. b3 cxb3 18. Rxb3 Qc5 19. Qb1 Rfb8 20. Ne4 Qc4 21. Rb4 Rxb4 22. Qxb4 Rb8 23. Qxc4 Bxc4 24. Nd2 Bc3 25. Rd1 Bb5 26. e4 Ba4 27. Rf1 Bb5 28. Re1 Ne5 29. Re3 Rc8 30. f4 Bd4 31. fxe5 Bxe3+ 32. Kh1 Rxc1+ 33. Nf1 Bxf1 34. Bxf1 Rxf1+ 35. Kg2 Rf2+ 36. Kh3 dxe5 37. a4 h5 38. a5 Ra2 0-1


[Site "https://www.chess.com"]

[Event "Titled Tuesday Blitz April 25 Late 2023"]
[White "Mikhalsky, Vladimir"]
[Black "Aigner, Michael"]
[WhiteFideId "14144352"]
[BlackFideId "2017288"]
[WhiteElo "2236"]
[BlackElo "1966"]
[Result "1-0"]
[Round "05"]
[TimeControl "180+2"]
[Date "2023.04.25"]
[WhiteClock "0:00:33"]
[BlackClock "0:00:06"]

1. d4 f5 2. Nc3 d5 3. Bg5 g6 4. h4 Bg7 5. h5 h6 6. Bf4 g5 7. Be5 Nf6 8. g4 c6 9. gxf5 Bxf5 10. Bh3 Qd7 11. e4 Bxh3 12. Nxh3 O-O 13. Bxf6 Bxf6 14. e5 Bg7 15. f4 g4 16. Nf2 Rxf4 17. Ne2 Rf7 18. Rg1 Na6 19. Nxg4 Kh8 20. Qd2 Qf5 21. O-O-O Raf8 22. Nxh6 Bxh6 23. Qxh6+ Rh7 24. Qg6 Nc7 25. Rg5 Qf7 26. Ng3 Rg8 27. Qxg8+ Qxg8 28. Rxg8+ Kxg8 29. Nf5 Kf7 30. Rf1 Ke6 31. h6 Ne8 32. Kd2 b6 33. Ke3 c5 34. b3 Nc7 35. c4 Kd7 36. Rg1 Ke6 37. Kf4 Ne8 38. Rg6+ Kd7 39. cxd5 cxd4 40. Nxd4 Nc7 41. Ke4 Ne8 42. Nf5 Nc7 43. Rg7 1-0


[Site "https://www.chess.com"]